 Dungeon Crawl Stone Soup version 0.31-a0-1529-g7bd419a0e5 (webtiles) character file.

Game seed: 6978097690453586687

3790 Laraso the Mimic (level 9, -14/96 HPs)
             Began as a Yellow Draconian Shapeshifter on Dec 31, 2023.
             Was a Believer of Trog.
             Shot with an arrow by a centaur warrior (15 damage)
             ... on level 8 of the Dungeon.
             The game lasted 00:12:54 (8223 turns).

Laraso the Mimic (Yellow Draconian Shapeshifter)    Turns: 8223, Time: 00:12:55

Health: -14/96     AC: 24    Str: 17    XL:     9   Next: 95%
Magic:  9/9        EV:  2    Int: 11    God:    Trog [**....]
Gold:   234        SH:  0    Dex: 14    Spells: 8/8 levels left

rFire   . .          .
                       - Unarmed
rCold   . . .        (no shield)
rNeg    . . .        (body armour unavailable)
rPois   +            (helmet currently unavailable)
rElec   .            q - melded +0 cloak
rCorr   +            (gloves currently unavailable)
SInv    .            (boots currently unavailable)
Will    ++...        i - amulet of magic regeneration
Stlth   +            f - ring of resist corrosion
HPRegen 1.36/turn    (no ring)
MPRegen 0.51/turn

%: no passive effects
@: tree-form, strong-willed, regenerating
A: stationary, stasis, torment immunity, boosted hp, (spit acid), AC +7,
unfitting armour, (cold-blooded), (acid resistance), high MP 1, wild magic 1
a: Renounce Religion, Berserk, Trog's Hand


You were on level 8 of the Dungeon.
You worshipped Trog.
Trog was pleased with you.
You were a tree.
You visited 2 branches of the dungeon, and saw 9 of its levels.

You collected 286 gold pieces.
You spent 52 gold pieces at shops.

Inventory:

Missiles
 l - 2 throwing nets
Armour
 q - a +0 cloak (melded)
Jewellery
 f - a ring of resist corrosion (left branch)
 i - an amulet of magic regeneration (around neck)
 o - a ring of see invisible
 p - a +6 ring of dexterity
Talismans
 b - a beast talisman (active)
 c - a flux talisman
Wands
 e - a wand of iceblast (1)
 k - a wand of paralysis (14)
 t - a wand of flame (18)
Scrolls
 d - 3 scrolls of teleportation
 h - 2 scrolls of fog
 u - a scroll of poison
Potions
 a - 3 potions of lignification
 g - 6 potions of curing
 j - a potion of attraction
 m - a potion of cancellation
 n - a potion of ambrosia {unknown}
 r - a potion of resistance {unknown}
 s - a potion of berserk rage


   Skills:
 - Level 1.1 Fighting
 - Level 1.7 Dodging
 - Level 7.0 Unarmed Combat
 + Level 12.1 Shapeshifting


You had 8 spell levels left.
You didn't know any spells.
Your spell library contained the following spells:

 Spells                   Type           Power      Damage    Failure   Level
 Ensorcelled Hibernation  Hex/Ice        0%         N/A       56%         2
 Frozen Ramparts          Ice            0%         1d1       78%         3
 Iskenderun's Mystic Bla  Conj/Tloc      0%         2d3       99%         4
 Freezing Cloud           Conj/Ice/Air   0%         6-21      100%        5
 Sculpt Simulacrum        Ice/Alch       0%         N/A       100%        6


Dungeon Overview and Level Annotations

Branches:
Dungeon (8/15)             Temple (1/1) D:5
   Lair: D:8-11

Altars:
Ashenzari
Cheibriados
Elyvilon
Fedhas
Gozag
Hepliaklqana
Kikubaaqudgha
Makhleb
Nemelex Xobeh
Ru
Trog
Vehumet
Xom
Yredelemnul
Zin
The Shining One

Shops:
D:1 (   D:3 *   D:8 *


Innate Abilities, Weirdness & Mutations

You are a tree.
Your roots penetrate the ground, keeping you stationary.
You cannot be teleported.
You are immune to unholy pain and torment.
Your maximum health is greatly increased.
Your equipment is partially melded.
((You can spit globs of acid.))
((Your golden yellow scales are hard. (AC +7)))
You cannot fit into any form of body armour.
((You are cold-blooded and may be slowed by cold attacks.))
((You are resistant to acid. (rCorr)))
You have an increased reservoir of magic. (+10% MP)
Your spells are a little harder to cast, but a little more powerful.


Message History

Okay, then.
Okay, then.
Aiming: Iceblast
Press: ? - help, Shift-Dir - straight line, f - orc
Aim: an orc, wielding a +0 trident
Okay, then.
Your skin crawls.
You feel strong-willed. The orc barely misses you.
An efreet comes into view.
It is wielding a +2 scimitar of flaming and carrying a wand of iceblast.
The centaur warrior wields a +0 shortbow.
The centaur warrior shoots an arrow.
The arrow hits you.
* * * LOW HITPOINT WARNING * * *
Unknown command.
Aiming: Iceblast
Press: ? - help, Shift-Dir - straight line, f - orc
Aim: an orc, wielding a +0 trident The mass of ice explodes!
The iceblast engulfs the orc!
You kill the orc!
Trog accepts your kill.
The iceblast engulfs the centaur warrior!!
The centaur warrior is moderately wounded.
You hear the steady creaking of a distant portcullis.
You hear an angry buzzing noise.
The centaur warrior shoots an arrow.
The arrow hits you but does no damage.
Unknown command.
Unknown command.
Unknown command.
Aiming: Iceblast
Press: ? - help, Shift-Dir - straight line, f - centaur warrior
Aim: a centaur warrior, wielding a +0 shortbow (moderately wounded)
The mass of ice explodes!
The iceblast engulfs the centaur warrior.
The centaur warrior is heavily wounded.
The iceblast engulfs the ice beast.
The ice beast partially resists.
The ice beast is moderately wounded.
The centaur warrior shoots an arrow.
The arrow hits you!!
* * * LOW HITPOINT WARNING * * *
The centaur warrior shoots an arrow.
The arrow hits you!
You die...

..∩ .$#...#
....#.#.. .........
........######
........#....#######
........$))........#
.........♣.....>...#
........)###.......#
#......cY# #.......#
#..>....Y# #.......#
#........# #.......#
#.......R# #.......#
#.......○# #####..##
........○○ ##.#
#########. #.#


You could see a centaur warrior, an efreet and 2 ice beasts.

Vanquished Creatures
  A two-headed ogre (D:8)
  2 steam dragons (D:8)
  A water moccasin (D:6)
  A sky beast (D:6)
  2 ice beasts (D:6)
  3 orc warriors
  3 ogres (D:5)
  3 centaurs
  4 bullfrogs
  3 scorpions
  4 wights (D:6)
  4 killer bees (D:8)
  A howler monkey (D:7)
  2 vampire bats (D:6)
  2 jellies
  A hound (D:4)
  6 orc priests
  A gnoll bouda (D:7)
  2 sleepcaps
  5 orc wizards
  Ijyb (D:4)
  An iguana (D:3)
  Natasha (thrice) (D:2)
  9 gnolls
  4 adders
  4 ufetubi
  2 dart slugs
  A ribbon worm (D:3)
  25 orcs
  4 ball pythons
  3 bat skeletons (D:6)
  A bat zombie (D:6)
  7 endoplasms
  6 giant cockroaches
  8 goblins
  14 hobgoblins
  17 jackals
  5 quokkas
  4 bats
  2 frilled lizards (D:1)
  8 kobolds
  2 rats (D:1)
182 creatures vanquished.

Vanquished Creatures (collateral kills)
  A ball python (D:3)
1 creature vanquished.

Vanquished Creatures (others)
  2 orcs (D:8)
2 creatures vanquished.

Grand Total: 185 creatures vanquished

Notes
Turn   | Place    | Note
-------+----------+-------------------------------------------
     0 | D:1      | Laraso the Draconian Shapeshifter began the quest for the
                  | Orb.
     0 | D:1      | Reached XP level 1. HP: 16/16 MP: 1/1
   103 | D:1      | Reached XP level 2. HP: 20/23 MP: 2/2
   255 | D:1      | Found Pesmiurr's Weapon Boutique.
   341 | D:1      | Found a faded altar of an unknown god.
   763 | D:1      | Reached XP level 3. HP: 28/28 MP: 3/3
  1310 | D:2      | Reached XP level 4. HP: 29/35 MP: 4/4
  1349 | D:2      | Noticed Natasha
  1354 | D:2      | Killed Natasha
  1671 | D:2      | Noticed Natasha
  1677 | D:2      | Killed Natasha
  1678 | D:2      | Reached skill level 5 in Unarmed Combat
  1756 | D:2      | Reached XP level 5. HP: 37/40 MP: 5/5
  1796 | D:2      | Noticed Natasha
  1803 | D:2      | Killed Natasha
  1804 | D:2      | Reached skill level 4 in Shapeshifting
  1987 | D:3      | Found a snail-covered altar of Cheibriados.
  1997 | D:3      | Found Susethix's General Store.
  2053 | D:3      | Bought a scroll of identify for 26 gold pieces
  2053 | D:3      | Bought a scroll of identify for 26 gold pieces
  2068 | D:3      | Got the Handbook of the Frore Compass
  2139 | D:3      | Found a bloodstained altar of Trog.
  2205 | D:3      | Became a worshipper of Trog the Wrathful
  2452 | D:3      | Reached XP level 6. HP: 47/47 MP: 6/6
  2527 | D:3      | Found an opulent altar of Gozag.
  2678 | D:4      | Found a sacrificial altar of Ru.
  2756 | D:4      | Noticed Ijyb
  2760 | D:4      | Gained mutation: You have an increased reservoir of magic.
                  | (+10% MP) [potion of mutation]
  2760 | D:4      | Gained mutation: Your spells are a little harder to cast,
                  | but a little more powerful. [potion of mutation]
  2769 | D:4      | Killed Ijyb
  2882 | D:4      | Found a blossoming altar of Fedhas.
  3034 | D:4      | Found the +5 Force Lance {heavy, knockback}
  3577 | D:5      | Entered Level 5 of the Dungeon
  3679 | D:5      | Found a staircase to the Ecumenical Temple.
  3684 | Temple   | Entered the Ecumenical Temple
  3934 | D:5      | Your scales start taking on a golden yellow colour.
  3934 | D:5      | Reached XP level 7. HP: 45/52 MP: 7/7
  3934 | D:5      | Gained mutation: You are resistant to acid. (rCorr) [Yellow
                  | Draconian growth]
  3957 | D:5      | Found a sparkling altar of Nemelex Xobeh.
  3992 | D:5      | Reached * piety under Trog
  3993 | D:5      | Reached skill level 5 in Shapeshifting
  4345 | D:5      | Reached skill level 6 in Shapeshifting
  5006 | D:6      | Reached XP level 8. HP: 59/59 MP: 8/8
  5137 | D:6      | Reached skill level 7 in Shapeshifting
  5223 | D:6      | Reached skill level 8 in Shapeshifting
  5806 | D:6      | Found an ancient bone altar of Kikubaaqudgha.
  5876 | D:6      | Reached skill level 9 in Shapeshifting
  6109 | D:6      | Reached XP level 9. HP: 62/62 MP: 9/9
  6259 | D:6      | Found a white marble altar of Elyvilon.
  6608 | D:7      | Found a broken altar of Ashenzari.
  6647 | D:7      | Reached skill level 10 in Shapeshifting
  6648 | D:7      | HP: 3/64 [gnoll/+0 halberd[a gnoll bouda] (9)]
  7199 | D:7      | Reached ** piety under Trog
  8151 | D:8      | Reached skill level 11 in Shapeshifting
  8181 | D:8      | Found Ziporec's Overcharged Wands.
  8210 | D:8      | Noticed a two-headed ogre
  8216 | D:8      | Killed a two-headed ogre
  8217 | D:8      | Reached skill level 12 in Shapeshifting
  8218 | D:8      | Noticed a centaur warrior
  8221 | D:8      | Noticed an efreet
  8223 | D:8      | HP: 1/96 [centaur warrior/arrow (18)]
  8223 | D:8      | Shot with an arrow by a centaur warrior

Illustrated notes

Levels and vault maps discovered:
D:1:      dpeg_arrival_arbitrary_a, layout_basic,
          hellmonk_ecumenical_altar_dog_temple, serial_shops, shop_fountains,
          minmay_misc_feat_encased
D:2:      cheibrodos_old_hovel, layout_loops_cross, minmay_ruptured,
          uniq_natasha
D:3:      layout_basic, slow_altar_1, trog_book, mainiacjoe_overflow_alcove_1,
          serial_shops, shop
D:4:      layout_loops_corners, fedhas_altar_3,
          nicolae_ru_great_annihilating_truth, nrook_mini_backslash, uniq_ijyb
D:5:      layout_basic, nemelex_dance_club_becter,
          minmay_temple_entry_nine_rooms
D:6:      layout_basic, nicolae_elyvilon_peaceful_grove,
          kennysheep_vampire_church
D:7:      layout_basic, mainiacjoe_overflow_boulevard
D:8:      minmay_bloctagon, layout_basic, grunt_qazlal_clouds, enter_bailey_1,
          nicolae_shop_overcharged_wands
Temple:   hellmonk_temple_two_chambers

Skill      XL: |  1  2  3  4  5  6  7  8  9 |
---------------+----------------------------+-----
Unarmed Combat | 4 5 6 7 |  7.0
Shapeshifting  | 4 6 9 12 | 12.1
Fighting       | |  1.1
Dodging        | |  1.7

Action                     |  1- 3 |  4- 6 |  7- 9 || total
---------------------------+-------+-------+-------++-------
  Melee: Unarmed           |   102 |   139 |   237 ||   478
         Tailslap          |    11 |    14 |    42 ||    67
         Punch             |     3 |     5 |     8 ||    16
 Invoke: Berserk           |       |       |     4 ||     4
         Trog's Hand       |       |       |     1 ||     1
Ability: Begin Untransform |       |     1 |       ||     1
         Breathe Acid      |       |       |    16 ||    16
  Evoke: Wand              |       |     3 |     7 ||    10
    Use: Scroll            |     6 |     3 |     4 ||    13
         Potion            |       |     6 |     4 ||    10
   Stab: Sleeping          |     1 |     1 |       ||     2
         Invisible         |       |     1 |       ||     1
         Paralysed         |       |     1 |       ||     1
 Armour: Skin              |    46 |    75 |   242 ||   363
  Dodge: Dodged            |    51 |    71 |   146 ||   268
   Form: Beast             |       |     1 |       ||     1

Table legend: (Time is in decaauts)
 A = Elapsed time spent in this place.
 B = Non-inter-level travel time spent in this place.
 C = Inter-level travel time spent in this place.
 D = Time resting spent in this place.
 E = Time spent auto-exploring this place.
 F = Levels seen in this place.
 G = Mean time per level.
                   A        B        C        D        E       F      G
               +--------+--------+--------+--------+--------+-----+--------+
         Total |   8224 |   7940 |    284 |    911 |   5645 |   9 |  913.8 |
       Dungeon |   8219 |   7935 |    284 |    911 |   5645 |   8 | 1027.4 |
        Temple |      4 |      4 |      0 |      0 |      0 |   1 |    4.0 |
               +--------+--------+--------+--------+--------+-----+--------+

Top non-repeatable levels by time:
     D:7: 1489 daAuts
     D:5: 1450 daAuts
     D:6: 1356 daAuts
     D:4: 997 daAuts
     D:1: 974 daAuts
     D:2: 827 daAuts
     D:3: 769 daAuts
     D:8: 354 daAuts
  Temple: 4 daAuts
